Map: Cerulean Fall LE

Players

Pearse - Winner!

  • Race: Terran Terran
  • Spawn Location: 1:00

Xerxes

  • Race: Zerg Zerg
  • League: Diamond
  • Spawn Location: 7:00

VOD

Have the link to the VOD?

Description

Time

  • Played on: Aug. 16, 2018, 7:25 p.m.
  • Length: 16:57
Show
View Real Time Build Order
Export as new Build Order

Pearse Terran - Winner!

Build Orders: Reaper Expand, Bio Tank 

Get SALT Encoding   

  12  0:02  SCV  
  13  0:14  SCV  
  14  0:18  Supply Depot  
  14  0:26  SCV  
  15  0:39  SCV  
  15  0:40  Barracks  
  16  0:46  Refinery  
  16  0:51  SCV  
  17  1:03  SCV  
  18  1:16  SCV  
  19  1:28  Reaper  
  19  1:31  Orbital Command  
  20  1:42  Command Center  
  20  1:51  Supply Depot  
  20  1:58  SCV  
  21  2:02  Barracks Reactor  
  21  2:10  SCV  
  22  2:22  SCV  
  23  2:30  Factory  
  23  2:37  SCV  
  23  2:39  Marine x2  
  26  2:55  Orbital Command  
  26  2:59  Marine x2  
  26  3:03  SCV  
  26  3:04  Bunker  
  29  3:15  SCV  
  29  3:21  SCV  
  29  3:25  Hellion x2  
  34  3:27  SCV  
  34  3:29  Barracks Tech Lab  
  34  3:32  Refinery  
  34  3:33  SCV  
  36  3:39  SCV  
  35  3:46  SCV  
  35  3:48  Hellion x2  
  40  3:51  SCV  
  41  3:58  SCV  
  41  3:59  Supply Depot  
  41  4:01  Supply Depot  
  42  4:03  SCV  
  42  4:07  Command Center  
  42  4:09  Hellion  
  45  4:15  SCV  
  46  4:19  Stimpack  
  46  4:20  Marine  
  46  4:21  Hellion  
  49  4:25  Supply Depot  
  49  4:33  Supply Depot  
  49  4:37  Starport  
  49  4:39  SCV x2  
  49  4:42  Barracks  
  51  4:51  SCV  
  52  4:53  Marine  
  52  4:59  SCV  
  54  5:03  SCV  
  54  5:06  Factory Tech Lab  
  55  5:11  Marine  
  55  5:12  SCV  
  55  5:25  Orbital Command  
  55  5:28  Refinery  
  55  5:29  Refinery  
  55  5:32  Engineering Bay  
  55  5:33  Starport Reactor  
  55  5:34  Engineering Bay, Siege Tank  
  58  5:41  Barracks  
  58  5:42  Marine  
  58  5:43  Marine x2, Barracks  
  58  5:44  Barracks  
  58  5:47  SCV x2, Barracks  
  63  6:02  SCV x2  
  65  6:04  Marine x3  
  65  6:07  Siege Tank  
  65  6:08  Orbital Command  
  71  6:14  SCV x2  
  67  6:20  Combat Shields  
  65  6:26  Marine x3  
  65  6:28  Medivac x2  
  70  6:39  Siege Tank  
  74  6:40  SCV x3  
  76  6:52  SCV x3  
  79  6:55  Marine x2  
  79  6:56  Barracks Reactor x4  
  79  6:57  Supply Depot  
  79  6:58  Medivac  
  79  6:59  Supply Depot, Medivac  
  85  7:04  SCV x3  
  88  7:12  Refinery  
  88  7:16  SCV x3  
  91  7:27  Supply Depot  
  91  7:28  SCV, Medivac  
  91  7:29  Medivac  
  96  7:30  SCV x2  
  96  7:32  Supply Depot x2  
  96  7:34  Terran Infantry Weapons Level 1  
  96  7:35  Terran Infantry Armor Level 1  
  96  7:36  Command Center  
  98  7:38  Armory  
  98  7:40  SCV  
  98  7:42  Marine, SCV x2  
  98  7:43  Marine x7  
  109  7:47  Factory  
  109  7:48  Marine  
  110  7:53  Marine x2, Supply Depot  
  110  7:56  Supply Depot x2  
  112  8:00  Marine x2  
  112  8:01  Marine x2, Siege Tank  
  119  8:10  SCV x3, Sensor Tower, Refinery  
  119  8:12  Marine x2  
  124  8:21  Marine x7  
  131  8:29  Marine x2  
  131  8:30  Marine x2  
  135  8:34  Factory Tech Lab  
  135  8:37  Siege Tank  
  135  8:38  Marine  
  135  8:39  Marine x2  
  141  8:53  Siege Tank  
  141  8:54  Marine x4  
  141  8:55  Marine x4  
  151  8:56  Marine  
  151  8:58  Medivac x2  
  156  9:12  Marine x6  
  156  9:13  Marine x2  
  164  9:30  Marine x6, Siege Tank  
  165  9:53  Command Center  
  165  9:56  Command Center  
  165  10:11  Supply Depot  
  165  10:12  Supply Depot  
  165  10:14  Supply Depot x2  
  165  10:15  Supply Depot x2  
  165  10:32  SCV  
  165  10:33  SCV x2, Siege Tank x2  
  171  10:40  Marine x3  
  171  10:41  Marine x5  
  179  10:44  SCV  
  179  10:45  SCV x2  
  170  11:00  Terran Infantry Weapons Level 2, Terran Infantry Armor Level 2  
  170  11:01  Terran Vehicle Weapons Level 1  
  170  11:05  Siege Tank x2  
  170  11:06  Planetary Fortress  
  170  11:07  Supply Depot  
  170  11:10  Refinery x2  
  170  11:11  Marine, Orbital Command  
  176  11:12  Marine x6  
  183  11:31  Marine  
  183  11:32  Marine x6  
  189  11:37  Sensor Tower, Siege Tank x2  
  189  11:39  Marine x4  
  147  12:09  Marine x4, Siege Tank x2  
  147  12:10  Marine x7  
  147  12:12  Medivac x2  
  157  12:27  Marine x5  
  159  12:32  Marine x2  
  159  12:33  Marine x4  
  151  12:41  Siege Tank x2  
  147  12:45  Marine x5  
  147  12:50  Marine x3  
  147  12:51  Marine x3, Starport, Armory  
  155  12:53  Medivac x2  
  160  13:03  Marine  
  161  13:13  Siege Tank x2  
  167  13:29  Terran Infantry Weapons Level 3, Terran Infantry Armor Level 3  
  167  13:31  Terran Vehicle Weapons Level 2  
  167  13:32  Marine x6  
  172  13:45  Siege Tank  
  172  13:46  Siege Tank  
  176  14:24  Starport Reactor  
  173  14:27  Terran Ship Weapons Level 1  
  173  14:28  Starport, Viking x2  
  155  14:54  Marine x8  
  155  14:55  Marine x3  
  155  14:56  Siege Tank x2  
  155  14:58  Viking x2  
  174  15:04  Viking x2  
  174  15:07  Starport Reactor  
  158  15:11  Marine  
  158  15:12  Marine x4  
  163  15:25  Marine x5  
  163  15:26  Marine  
  163  15:28  Viking x2  
  173  15:29  Marine x2  
  173  15:30  Marine x3  
  173  15:34  Viking x2  
  182  15:37  Command Center  
  182  15:43  Marine x5  
  182  15:45  Orbital Command  
  187  15:56  Missile Turret  
  187  15:58  Viking x2  
  187  16:03  Viking  
  187  16:04  Viking x3  
  199  16:28  Armory  
  172  16:51  Sensor Tower  
Show
View Real Time Build Order
Export as new Build Order

Xerxes Zerg 

Build Orders: Hatch First 

Get SALT Encoding   

  12  0:01  Drone  
  13  0:12  Overlord  
  13  0:17  Drone  
  14  0:32  Drone x2  
  16  0:37  Drone  
  17  0:53  Hatchery  
  17  0:56  Drone  
  17  1:00  Drone  
  18  1:12  Extractor  
  18  1:16  Spawning Pool  
  16  1:26  Drone x2  
  16  1:28  Drone  
  19  1:39  Overlord  
  19  1:54  Drone  
  20  2:05  Queen  
  20  2:06  Zergling x2  
  20  2:07  Queen  
  20  2:08  Zergling x2  
  26  2:15  Drone  
  27  2:16  Drone  
  27  2:21  Drone  
  29  2:27  Extractor  
  28  2:38  Drone  
  28  2:39  Drone, Hatchery  
  28  2:41  Drone  
  30  2:55  Queen  
  30  2:56  Overlord  
  32  3:01  Overlord  
  32  3:14  Metabolic Boost  
  32  3:15  Drone x3  
  32  3:16  Drone  
  36  3:23  Drone x3  
  39  3:29  Drone x2  
  39  3:30  Drone  
  42  3:38  Evolution Chamber  
  42  3:40  Zergling x2  
  42  3:45  Drone  
  42  3:46  Drone  
  44  3:49  Extractor  
  44  3:51  Extractor  
  42  3:58  Drone x3  
  45  4:04  Drone x2, Baneling Nest  
  45  4:05  Zerg Melee Weapons Level 1  
  45  4:06  Queen  
  45  4:07  Drone  
  45  4:08  Drone x2  
  51  4:21  Drone, Overlord x3  
  52  4:25  Zergling x4  
  52  4:26  Zergling x2  
  52  4:30  Drone x2  
  52  4:31  Drone  
  58  4:33  Overlord  
  58  4:37  Zergling x2  
  58  4:42  Lair  
  58  4:44  Drone x3  
  60  4:48  Drone  
  60  4:49  Drone x2  
  63  5:01  Drone x4  
  68  5:07  Drone x2  
  68  5:08  Evolution Chamber  
  64  5:19  Drone x4  
  64  5:20  Drone x3  
  69  5:24  Zergling x8  
  69  5:28  Zergling x2  
  74  5:32  Drone x2  
  76  5:36  Extractor x2  
  74  5:45  Drone x2  
  74  5:46  Drone x2  
  74  5:47  Hydralisk Den  
  77  5:51  Hatchery  
  76  5:58  Extractor  
  76  6:01  Zergling x2  
  76  6:02  Zergling x6  
  79  6:08  Zergling x6  
  79  6:21  Zergling x2  
  79  6:25  Hydralisk, Muscular Augments  
  80  6:27  Overlord x6  
  78  6:35  Hatchery  
  77  6:42  Hydralisk  
  77  6:43  Hydralisk  
  77  6:44  Baneling x3  
  77  6:45  Baneling x7  
  81  6:53  Drone x5  
  86  7:08  Hatchery  
  83  7:21  Zerg Melee Weapons Level 2  
  83  7:22  Zerg Ground Armor Level 1, Zergling x2  
  84  7:23  Zergling x22  
  95  7:30  Drone  
  95  7:31  Drone x3  
  95  7:33  Drone x3  
  95  7:36  Grooved Spines  
  102  7:49  Lurker Den  
  101  7:52  Infestation Pit  
  101  7:57  Hydralisk x11  
  122  7:59  Zergling x2  
  122  8:00  Zergling x16  
  122  8:01  Overlord  
  129  8:25  Spore Crawler  
  125  8:30  Spine Crawler x2  
  125  8:31  Spire  
  122  8:35  Drone x7  
  122  8:36  Drone x2  
  122  8:37  Queen  
  122  8:38  Extractor  
  122  8:39  Extractor  
  122  8:40  Hive  
  128  9:00  Pneumatized Carapace  
  128  9:02  Nydus Network  
  93  9:45  Zergling x2  
  93  9:46  Zergling x42  
  93  9:47  Zergling x28  
  118  10:01  Spine Crawler  
  118  10:05  Spine Crawler  
  118  10:06  Spine Crawler, Baneling x2  
  118  10:07  Baneling x4  
  115  10:08  Centrifical Hooks  
  115  10:10  Zerg Melee Weapons Level 3  
  115  10:13  Zerg Ground Armor Level 2  
  101  10:38  Corruptor  
  101  10:39  Corruptor x11  
  122  11:02  Greater Spire  
  122  11:06  Drone  
  122  11:07  Drone x13  
  136  11:28  Queen  
  138  11:33  Hatchery  
  138  11:34  Baneling x6  
  138  11:35  Baneling x3  
  138  11:36  Hydralisk x5  
  138  11:37  Hydralisk x4  
  138  11:38  Overlord  
  138  11:39  Hatchery, Overlord x8  
  140  12:05  Zergling x2  
  140  12:06  Zergling x22  
  118  12:15  Zergling x2  
  118  12:18  Zergling x4  
  118  12:19  Zergling x14  
  118  12:20  Zergling x6  
  120  12:35  Zergling x2  
  104  12:38  Zergling x2  
  104  12:39  Zergling x24  
  108  12:52  Extractor  
  108  12:53  Extractor  
  108  12:55  Corruptor  
  108  12:56  Corruptor x7  
  118  13:10  Zergling x2, Baneling x2  
  118  13:11  Baneling x7  
  118  13:12  Baneling x7  
  114  13:13  Baneling x7  
  114  13:20  Hatchery  
  112  13:47  Brood Lord x5  
  112  13:48  Brood Lord  
  124  13:50  Zergling x2  
  124  13:51  Zergling x8  
  129  14:09  Baneling x5  
  128  14:10  Baneling x3  
  110  14:35  Drone  
  110  14:36  Drone x13  
  86  15:07  Drone x3  
  86  15:08  Drone x8  
  97  15:26  Drone x3  
  100  15:29  Queen  
  100  15:33  Extractor  
  101  15:42  Corruptor x5  
  111  15:55  Zergling x2  
  111  15:56  Zergling x18  
  115  16:11  Extractor  
  112  16:12  Extractor  
  112  16:17  Baneling x4  
  112  16:18  Baneling  
  111  16:19  Baneling x4  
  111  16:20  Baneling x2  
  110  16:32  Baneling  
  110  16:33  Baneling x7  
Tags
 
Add a new tag
Caveats
  • Supply blocks, unpowered buildings, or Contaminate may cause inaccurate times.
  • Supply counts are checked every 10 seconds.